[Event "Titled Tuesday Blitz May 23 Early 2023"]
[White "Khamdamova, Afruza"]
[Black "Rodriguez Santiago, Jaime"]
[WhiteFideId "14210444"]
[BlackFideId "3100898"]
[WhiteElo "2312"]
[BlackElo "2025"]
[Result "1-0"]
[Round "10"]
[TimeControl "180+2"]
[Date "2023.05.23"]
[WhiteClock "0:00:14"]
[BlackClock "0:00:05"]

1. b3 e5 2. Bb2 Nc6 3. g3 Bd6 4. Bg2 Nf6 5. Nf3 Qe7 6. O-O O-O 7. d3 h6 8. Nbd2 Nd8 9. Nc4 Nc6 10. Qd2 b5 11. Nxd6 cxd6 12. Nh4 Bb7 13. Nf5 Qe6 14. Bh3 Kh7 15. e4 Ne7 16. Kg2 Nxf5 17. f3 g6 18. exf5 gxf5 19. Rae1 Rg8 20. d4 e4 21. fxe4 Bxe4+ 22. Kg1 Ng4 23. d5 Qg6 24. Rf4 Rae8 25. Bxg4 fxg4 26. Rf6 Qg5 27. Rxf7+ Kg6 28. Qf2 Bf3 29. Rf6+ Qxf6 30. Bxf6 Rxe1+ 31. Qxe1 Kxf6 32. Qc3+ Ke7 33. Qe3+ Kf7 34. Qxh6 Rg6 35. Qh7+ Rg7 36. Qf5+ Kg8 37. c4 bxc4 38. bxc4 Re7 39. Qg5+ Kf8 40. Qf6+ Rf7 41. Qh8+ Ke7 42. Qd4 Kd8 43. Qxa7 Ke7 44. Qd4 Rf8 45. c5 Rb8 46. cxd6+ Kxd6 47. Qf4+ Kxd5 48. Qxb8 1-0


[Site "https://www.chess.com"]

[Event "Titled Tuesday Blitz May 23 Early 2023"]
[White "Begunov, Konstantin"]
[Black "Prieto Aranguren, Alain"]
[WhiteFideId "4118510"]
[BlackFideId "2268906"]
[WhiteElo "2050"]
[BlackElo "2209"]
[Result "1-0"]
[Round "10"]
[TimeControl "180+2"]
[Date "2023.05.23"]
[WhiteClock "0:00:08"]
[BlackClock "0:00:00"]

1. d4 Nf6 2. c4 g6 3. f3 Bg7 4. e4 O-O 5. Nc3 d6 6. Be3 Nc6 7. Nge2 a6 8. a3 Na5 9. Nc1 Nd7 10. b4 Nc6 11. Nb3 e5 12. d5 Ne7 13. Qd2 f5 14. O-O-O f4 15. Bf2 Nf6 16. c5 Bd7 17. Kb2 Qb8 18. Rc1 Rc8 19. Be2 Bf8 20. Rc2 g5 21. h3 Ng6 22. Rhc1 h5 23. a4 g4 24. hxg4 hxg4 25. b5 g3 26. Bg1 Nh4 27. c6 bxc6 28. dxc6 Be6 29. Bf1 axb5 30. axb5 d5 31. Nxd5 Ba3+ 32. Kb1 Nxd5 33. exd5 Bf5 34. Bd3 Bxc1 35. Rxc1 Qxb5 36. Rc3 Bxd3+ 37. Rxd3 Ra3 38. Kb2 Rca8 39. Qc3 Ra2+ 40. Kc1 Ng6 41. d6 cxd6 42. c7 Rc8 43. Rxd6 Rxg2 44. Rd8+ Kg7 45. Kb1 Rxg1+ 46. Kb2 Rg2+ 47. Kb1 Qf1+ 48. Nc1 Qb5+ 49. Nb3 Rg1+ 50. Kb2 Qa6 51. Rxc8 Qxc8 52. Qc5 Rf1 53. Qd6 g2 54. Qd8 Rf2+ 55. Kc3 Qxd8 56. cxd8=Q g1=Q 57. Qd7+ Kh6 58. Qh3+ Kg5 59. Qe6 Qg2 60. Kb4 Rc2 61. Qc6 Qf2 62. Qe4 Qe3 63. Qd5 Rb2 64. Qd8+ Kh6 65. Qd7 1-0


[Site "https://www.chess.com"]

[Event "Titled Tuesday Blitz May 23 Early 2023"]
[White "Tarasova, Viktoriya"]
[Black "Zampronha, Wladimir Camilo"]
[WhiteFideId "4175840"]
[BlackFideId "2103087"]
[WhiteElo "2182"]
[BlackElo "2176"]
[Result "1-0"]
[Round "10"]
[TimeControl "180+2"]
[Date "2023.05.23"]
[WhiteClock "0:01:43"]
[BlackClock "0:01:19"]

1. d4 Nf6 2. c4 e6 3. Nc3 Bb4 4. Nf3 O-O 5. Bg5 h6 6. Bh4 d5 7. e3 c5 8. cxd5 exd5 9. Bd3 Nc6 10. O-O cxd4 11. exd4 Bg4 12. Be2 Be7 13. h3 Bh5 14. Rc1 Rc8 15. Re1 Re8 16. Ne5 Bxe2 17. Rxe2 Ne4 18. Bxe7 Rxe7 19. Nxe4 Nxe5 20. Rxc8 Qxc8 21. Nd6 Nf3+ 22. gxf3 Qxh3 23. Rxe7 1-0


[Site "https://www.chess.com"]

[Event "Titled Tuesday Blitz May 23 Early 2023"]
[White "Ciuffoletti, Paolo"]
[Black "Osinovsky, Stepan"]
[WhiteFideId "807630"]
[BlackFideId "4157354"]
[WhiteElo "2143"]
[BlackElo "2222"]
[Result "1-0"]
[Round "10"]
[TimeControl "180+2"]
[Date "2023.05.23"]
[WhiteClock "0:00:30"]
[BlackClock "0:00:00"]

1. e4 e5 2. Nf3 Nc6 3. Bc4 Nf6 4. d4 exd4 5. Ng5 d5 6. exd5 Na5 7. Qe2+ Be7 8. d6 Nxc4 9. Qxc4 O-O 10. dxe7 Qxe7+ 11. Qe2 Qc5 12. O-O Bf5 13. Na3 Rfe8 14. Qb5 Re5 15. Qxb7 Rae8 16. Bf4 Bc8 17. Qb3 Rxg5 18. Bxg5 Qxg5 19. Rfe1 Rd8 20. Qg3 Qc5 21. Rad1 Be6 22. Qe5 Rd5 23. Qf4 h6 24. Rd3 Qa5 25. Qd2 1-0


[Site "https://www.chess.com"]

[Event "Titled Tuesday Blitz May 23 Early 2023"]
[White "Larina, Maria"]
[Black "Dwilewicz, Katarzyna"]
[WhiteFideId "24113182"]
[BlackFideId "1148486"]
[WhiteElo "1848"]
[BlackElo "2065"]
[Result "0-1"]
[Round "10"]
[TimeControl "180+2"]
[Date "2023.05.23"]
[WhiteClock "0:00:00"]
[BlackClock "0:00:04"]

1. e4 c5 2. Nc3 e6 3. Nf3 a6 4. d4 cxd4 5. Nxd4 b5 6. g3 Bb7 7. Bg2 d6 8. O-O Nd7 9. Re1 Qc7 10. a3 Ngf6 11. Qe2 Be7 12. f4 O-O 13. g4 Nb6 14. g5 Nfd7 15. Kh1 Rac8 16. f5 e5 17. Nf3 d5 18. exd5 Nxd5 19. Nxd5 Bxd5 20. c3 Bd6 21. f6 Rfe8 22. fxg7 e4 23. Nd4 Bxh2 24. Nf5 Bf4 25. Rf1 e3 26. Qh5 Bxg2+ 27. Kxg2 Qc6+ 28. Rf3 Qd5 29. Nh6+ Kxg7 30. Qg4 Ne5 31. Nf5+ Kh8 32. Qxf4 e2 33. Be3 Nxf3 34. Qxf3 Qxf3+ 35. Kxf3 Rcd8 36. Re1 Rd5 37. Nd4 Rde5 38. Rxe2 Kg8 39. Bf4 Rxe2 40. Nxe2 Kg7 41. Nd4 Kg6 42. Be3 Rd8 43. Ke4 Re8+ 44. Kd3 f6 45. gxf6 Kxf6 46. Nf3 h5 47. Bg5+ Kf5 48. Be3 Kg4 49. Nd4 h4 50. Ne2 h3 51. Nf4 h2 0-1


[Site "https://www.chess.com"]

[Event "Titled Tuesday Blitz May 23 Early 2023"]
[White "Makhmudov, Shukhrat"]
[Black "Jaivardhan Raj"]
[WhiteFideId "14200775"]
[BlackFideId "25744437"]
[WhiteElo "2135"]
[BlackElo "1772"]
[Result "1-0"]
[Round "10"]
[TimeControl "180+2"]
[Date "2023.05.23"]
[WhiteClock "0:02:10"]
[BlackClock "0:00:49"]

1. e4 c5 2. Nf3 e6 3. d4 cxd4 4. Nxd4 Nc6 5. Nxc6 bxc6 6. c4 Nf6 7. Bd3 Bb4+ 8. Bd2 Qb6 9. O-O d5 10. cxd5 cxd5 11. Qa4+ Bd7 12. Qxb4 dxe4 13. Qxb6 axb6 14. Bc2 O-O 15. Nc3 Bc6 16. Bg5 Nd5 17. Nxe4 Nb4 18. Bb1 Nxa2 19. Be7 Rfe8 20. Ba3 Nb4 21. Nd6 Red8 22. Bxb4 Rxa1 23. Bxh7+ Kxh7 24. Rxa1 Kg6 25. f3 1-0


[Site "https://www.chess.com"]

[Event "Titled Tuesday Blitz May 23 Early 2023"]
[White "Barbot, Pierre"]
[Black "littlepillow2010"]
[WhiteFideId "663727"]
[WhiteElo "2431"]
[BlackElo "2340"]
[Result "1-0"]
[Round "10"]
[TimeControl "180+2"]
[Date "2023.05.23"]
[WhiteClock "0:00:04"]
[BlackClock "0:00:01"]

1. d4 d5 2. Nc3 Nf6 3. Bf4 e6 4. Nb5 Na6 5. e3 c6 6. Nc3 Nc7 7. h4 Bd6 8. Nf3 b6 9. h5 h6 10. Ne5 Bb7 11. g4 Qe7 12. Qf3 Bb4 13. a3 Bxc3+ 14. bxc3 Nb5 15. a4 Nxc3 16. Bd3 Nfe4 17. Bxe4 Nxe4 18. Qe2 Qb4+ 19. Kf1 c5 20. Kg2 c4 21. Rhb1 Qe7 22. a5 Nc3 23. Qe1 Nxb1 24. Qxb1 O-O 25. c3 bxa5 26. Qg1 a4 27. Kh1 Qh4+ 28. Kg2 a5 29. Bg3 Qe7 30. f4 Ba6 31. Qf2 a3 32. Bh4 Qd6 33. g5 hxg5 34. fxg5 Rab8 35. Qg3 Rb2+ 36. Kh3 a2 37. h6 g6 38. Qf3 Qe7 39. Ng4 e5 40. Nf6+ Kh8 41. h7 Bc8+ 42. Kg3 exd4 43. cxd4 Qd6+ 44. Qf4 Qxf4+ 45. Kxf4 Bf5 46. Bg3 Bc2 47. Kf3 Bb3 48. Be5 Rd8 49. Rh1 a1=Q 50. Ng4+ f6 51. Bxf6# 1-0


[Site "https://www.chess.com"]

[Event "Titled Tuesday Blitz May 23 Early 2023"]
[White "Rom, Jasper"]
[Black "Topalov, Aleksandar"]
[WhiteFideId "2023733"]
[BlackFideId "925659"]
[WhiteElo "2233"]
[BlackElo "2151"]
[Result "0-1"]
[Round "10"]
[TimeControl "180+2"]
[Date "2023.05.23"]
[WhiteClock "0:00:00"]
[BlackClock "0:01:19"]

1. e4 e6 2. d4 d5 3. Bd3 dxe4 4. Bxe4 Nf6 5. Bf3 c5 6. Ne2 Nc6 7. Be3 e5 8. Bxc6+ bxc6 9. dxe5 Qxd1+ 10. Kxd1 Ng4 11. Re1 Nxe3+ 12. fxe3 Bf5 13. Nd2 O-O-O 14. Kc1 Re8 15. Nc4 Be4 16. g3 Bd5 17. Na5 Rxe5 18. c4 Be4 19. Nc3 Be7 20. Nxe4 Rxe4 21. b3 Kc7 22. Kc2 Bg5 23. Rad1 Rhe8 24. a3 Bxe3 25. b4 cxb4 26. axb4 Bb6 27. Rxe4 Rxe4 28. Rf1 f6 29. Kd3 Re3+ 30. Kd2 Ra3 31. Re1 Rxa5 32. Re7+ Kd6 33. Rxg7 Ra2+ 34. Kd3 c5 35. bxc5+ Kxc5 36. Rxh7 Ra3+ 37. Kc2 Kxc4 38. Rf7 Ra2+ 39. Kd1 Rxh2 40. Rxf6 Kd3 41. Ke1 Rh1+ 0-1


[Site "https://www.chess.com"]

[Event "Titled Tuesday Blitz May 23 Early 2023"]
[White "Zavortink, Matt"]
[Black "Yanayt, Eugene"]
[WhiteFideId "2034263"]
[BlackFideId "2020165"]
[WhiteElo "2443"]
[BlackElo "2083"]
[Result "1-0"]
[Round "10"]
[TimeControl "180+2"]
[Date "2023.05.23"]
[WhiteClock "0:00:08"]
[BlackClock "0:00:02"]

1. d4 Nf6 2. Bf4 c5 3. e3 cxd4 4. exd4 d5 5. c3 Nc6 6. Bd3 e6 7. Nd2 Bd6 8. Bg3 O-O 9. Ngf3 h6 10. Qe2 Qc7 11. Bxd6 Qxd6 12. O-O Bd7 13. Ne5 Be8 14. f4 Nd7 15. Bc2 Rb8 16. Qd3 f5 17. Nxd7 Qxd7 18. Ba4 Qf7 19. Bxc6 bxc6 20. b4 c5 21. dxc5 Bb5 22. Qd4 Bxf1 23. Rxf1 Qf6 24. Nf3 Rbe8 25. Ne5 Qd8 26. a4 Rf6 27. Rd1 Qc7 28. b5 Ra8 29. c6 Qd6 30. a5 Kh7 31. Rb1 g5 32. Nd7 Rf7 33. b6 Qxc6 34. Ne5 Qe8 35. Nxf7 Qxf7 36. b7 Rb8 37. Qxa7 Qc7 38. fxg5 hxg5 39. a6 Qf4 40. Qd4 Qc7 41. a7 Rxb7 42. Ra1 Rb2 1-0


[Site "https://www.chess.com"]

[Event "Titled Tuesday Blitz May 23 Early 2023"]
[White "Pasti, Aron"]
[Black "Georg, Heinz"]
[WhiteFideId "785857"]
[BlackFideId "4607295"]
[WhiteElo "2173"]
[BlackElo "2309"]
[Result "1-0"]
[Round "10"]
[TimeControl "180+2"]
[Date "2023.05.23"]
[WhiteClock "0:00:39"]
[BlackClock "0:00:00"]

1. e4 e5 2. Nf3 Nc6 3. d4 exd4 4. Bc4 Bc5 5. c3 dxc3 6. Bxf7+ Kxf7 7. Qd5+ Kf8 8. Qxc5+ Qe7 9. Qxc3 Qxe4+ 10. Be3 d6 11. Nbd2 Qb4 12. Qc2 Nf6 13. O-O Qg4 14. h3 Qf5 15. Qb3 Qd5 16. Qc3 Bd7 17. Rad1 Rc8 18. Nc4 Qf5 19. Qa3 b5 20. Na5 b4 21. Qb3 Nxa5 22. Qxb4 Nc6 23. Qa3 h6 24. Rfe1 Kg8 25. Bd4 Kh7 26. Bxf6 Qxf6 27. Qd3+ Bf5 28. Qd5 Bd7 29. Qe4+ Qg6 30. Qd5 Rhf8 31. Nh4 Qf6 32. Qe4+ g6 33. Nf3 Rce8 34. Qc4 Rxe1+ 35. Rxe1 Ne5 36. Nxe5 Qxf2+ 37. Kh2 dxe5 38. Rxe5 Rf7 39. Rc5 Bc8 40. Rxc7 Rxc7 41. Qxc7+ Kg8 42. Qxc8+ Kf7 43. Qd7+ Kg8 44. Qe6+ Kg7 45. Qe5+ Kg8 46. Qg3 Qxb2 47. Qd6 Kg7 48. Qe7+ Kg8 49. Qxa7 1-0


[Site "https://www.chess.com"]

[Event "Titled Tuesday Blitz May 23 Early 2023"]
[White "Sovetbekova, Nurai"]
[Black "Fiedorek, Michal"]
[WhiteFideId "13801910"]
[BlackFideId "1199528"]
[WhiteElo "1857"]
[BlackElo "2135"]
[Result "0-1"]
[Round "10"]
[TimeControl "180+2"]
[Date "2023.05.23"]
[WhiteClock "0:00:49"]
[BlackClock "0:00:15"]

1. d4 Nf6 2. c4 e6 3. Nc3 Bb4 4. Bd2 O-O 5. e3 d5 6. Nf3 c5 7. dxc5 Bxc5 8. Be2 Nc6 9. O-O dxc4 10. Bxc4 a6 11. a3 b5 12. Be2 Bb7 13. b4 Bb6 14. Rc1 Rc8 15. Qb3 Qe7 16. Rfd1 Rfd8 17. Be1 h6 18. Qb1 Nb8 19. Ne5 Nbd7 20. Nxd7 Nxd7 21. Ne4 Rxc1 22. Rxc1 Ne5 23. Bc3 Nc4 24. Bxc4 bxc4 25. Bb2 f5 26. Ng3 Qc7 27. Qc2 Qc6 28. e4 fxe4 29. Qxc4 Qxc4 30. Rxc4 Rd1+ 31. Nf1 e3 32. Rc1 e2 0-1


[Site "https://www.chess.com"]

[Event "Titled Tuesday Blitz May 23 Early 2023"]
[White "Toktomushev, Teimur"]
[Black "Jiganchine, Roman"]
[WhiteFideId "14176726"]
[BlackFideId "2603667"]
[WhiteElo "2116"]
[BlackElo "2294"]
[Result "1-0"]
[Round "10"]
[TimeControl "180+2"]
[Date "2023.05.23"]
[WhiteClock "0:02:03"]
[BlackClock "0:01:31"]

1. d4 d5 2. c4 e6 3. Nc3 Nf6 4. cxd5 Nxd5 5. e4 Nxc3 6. bxc3 c5 7. Nf3 cxd4 8. cxd4 Bb4+ 9. Bd2 Bxd2+ 10. Qxd2 O-O 11. Bc4 Nd7 12. O-O Nf6 13. Rfe1 b6 14. Rad1 Bb7 15. d5 Rc8 16. dxe6 Qxd2 17. exf7+ Kh8 18. Nxd2 Nxe4 19. Nxe4 Rxc4 20. Nd6 Rc7 21. Re8 Rxf7 22. Nxf7+ Kg8 23. Rxf8+ Kxf8 24. Ng5 1-0


[Site "https://www.chess.com"]

[Event "Titled Tuesday Blitz May 23 Early 2023"]
[White "Pinto, Daniel"]
[Black "Brueckner, Thomas"]
[WhiteFideId "3303144"]
[BlackFideId "4600452"]
[WhiteElo "2145"]
[BlackElo "2322"]
[Result "1-0"]
[Round "10"]
[TimeControl "180+2"]
[Date "2023.05.23"]
[WhiteClock "0:00:10"]
[BlackClock "0:00:04"]

1. Nf3 Nf6 2. g3 g6 3. Bg2 Bg7 4. O-O O-O 5. c4 d6 6. d4 Nc6 7. Nc3 e5 8. dxe5 dxe5 9. Bg5 Be6 10. Qc1 Qc8 11. c5 Nd7 12. Nd2 h6 13. Be3 f5 14. Rb1 f4 15. b4 fxe3 16. fxe3 Ne7 17. Rd1 Nf5 18. Nde4 Qe8 19. Nb5 Qc8 20. c6 bxc6 21. Qxc6 Nb6 22. Nxc7 Bxa2 23. Ra1 Bf7 24. Nc5 Nxe3 25. Nxa8 Nxd1 26. Rxd1 Qg4 27. Nxb6 axb6 28. Nd7 Rd8 29. Bf3 Qxb4 30. Rc1 Qe7 31. Rd1 Be6 32. Bd5 Kh7 33. Bxe6 Qxe6 34. Qxe6 1-0


[Site "https://www.chess.com"]

[Event "Titled Tuesday Blitz May 23 Early 2023"]
[White "Gatterer, Florian"]
[Black "Pg, Mohd Omar Ak Hira"]
[WhiteFideId "811688"]
[BlackFideId "10500103"]
[WhiteElo "2221"]
[BlackElo "2167"]
[Result "0-1"]
[Round "10"]
[TimeControl "180+2"]
[Date "2023.05.23"]
[WhiteClock "0:00:00"]
[BlackClock "0:00:25"]

1. e4 c5 2. Nf3 d6 3. Bb5+ Nd7 4. O-O a6 5. Bxd7+ Bxd7 6. d4 cxd4 7. Nxd4 e5 8. Nf3 Nf6 9. Re1 Be7 10. c4 Bg4 11. Nc3 h6 12. h3 Bh5 13. b3 O-O 14. Bb2 Rb8 15. Rc1 b5 16. cxb5 axb5 17. g4 Bg6 18. Nh4 Nxe4 19. Nxg6 Nxc3 20. Nxe7+ Qxe7 21. Bxc3 f5 22. Bb4 Rbd8 23. Qd5+ Kh8 24. Rc6 fxg4 25. hxg4 Qh4 26. Qg2 Rf4 27. Re4 Rdf8 28. Rxf4 Rxf4 29. f3 Rxb4 30. Rc8+ Kh7 31. Qf2 Qf6 32. Kg2 e4 33. f4 Rd4 34. Qe3 d5 35. Rc2 Rd3 36. Qc1 Qh4 0-1


[Site "https://www.chess.com"]

[Event "Titled Tuesday Blitz May 23 Early 2023"]
[White "Afanasieva, Alexandra"]
[Black "Jakubowska, Anna"]
[WhiteFideId "34126926"]
[BlackFideId "1121952"]
[WhiteElo "1745"]
[BlackElo "2001"]
[Result "0-1"]
[Round "10"]
[TimeControl "180+2"]
[Date "2023.05.23"]
[WhiteClock "0:00:14"]
[BlackClock "0:00:13"]

1. e4 c5 2. d4 cxd4 3. c3 d6 4. cxd4 g6 5. Nc3 Bg7 6. Nf3 Nf6 7. Bg5 O-O 8. Bc4 a6 9. a4 b6 10. O-O Bb7 11. Bxf6 Bxf6 12. Re1 Nd7 13. Qb3 e6 14. Rad1 Rc8 15. e5 Bxf3 16. gxf3 Bg7 17. exd6 Qg5+ 18. Kf1 Qf4 19. Re4 Qxd6 20. Bxe6 Nf6 21. Bxc8 Rxc8 22. Rh4 Nh5 23. Ne4 Qd8 24. Rh3 Qd7 25. Rh4 Qd8 26. Rh3 Nf4 27. Rg3 Nh5 28. Rg1 Qh4 29. Ng5 Rf8 30. Rc1 Qf4 31. Rc8 Rxc8 32. Rg4 Qf6 33. Qe3 Rf8 34. Kg2 h6 35. Ne4 Qf5 36. Nd6 Qd5 37. Ne4 Qxd4 38. Qxd4 Bxd4 39. Nd6 Bg7 40. Nc4 b5 41. axb5 axb5 42. Nd6 Rb8 43. Rb4 Nf6 44. Rxb5 Rxb5 45. Nxb5 Nd5 46. b3 Nf4+ 47. Kg3 Be5 48. Kg4 f5+ 49. Kh4 g5+ 50. Kg3 Nd3+ 51. Kg2 Nc5 52. Na3 Nxb3 53. Nb5 Bb8 54. Na3 Nc5 55. Nc2 Kf7 56. Ne3 Kg6 57. Nd5 Ne6 58. Ne3 Bd6 59. Nc4 Nf4+ 60. Kf1 Bc7 61. h3 Nxh3 62. Kg2 Nf4+ 63. Kf1 h5 64. Ne3 h4 65. Nd5 Nxd5 66. Kg2 Nf6 67. f4 Bxf4 68. Kh3 Ne4 69. Kg2 g4 70. Kf1 h3 71. Kg1 h2+ 72. Kh1 Nxf2+ 73. Kg2 h1=Q+ 74. Kxf2 Qf3+ 75. Kg1 Be3+ 76. Kh2 Qh3# 0-1


[Site "https://www.chess.com"]

[Event "Titled Tuesday Blitz May 23 Early 2023"]
[White "Petrova, Irina"]
[Black "Alhadad, Mahmoud"]
[WhiteFideId "14124122"]
[BlackFideId "11501863"]
[WhiteElo "2084"]
[BlackElo "1955"]
[Result "1-0"]
[Round "10"]
[TimeControl "180+2"]
[Date "2023.05.23"]
[WhiteClock "0:00:15"]
[BlackClock "0:00:00"]

1. e4 d5 2. exd5 Nf6 3. Nc3 Nxd5 4. Nf3 Nxc3 5. bxc3 Bg4 6. Be2 e6 7. O-O Bd6 8. h3 Bh5 9. Rb1 b6 10. d3 O-O 11. Nd4 Bxe2 12. Qxe2 c5 13. Nf3 Nc6 14. Bg5 Qc8 15. Rfe1 Qa6 16. Qe4 Ne7 17. Bxe7 Bxe7 18. a4 Rac8 19. Ne5 Rc7 20. Qf4 Bd6 21. Qc4 Qc8 22. Nf3 a6 23. Re4 Rb7 24. Rg4 Qc6 25. Qxa6 h5 26. Re4 f5 27. Re2 g5 28. Rxe6 g4 29. hxg4 hxg4 30. Qc4 Kh8 31. Ne5 Rh7 32. Nxc6 Bh2+ 33. Kf1 Bc7 34. Ke2 f4 35. Re7 f3+ 36. gxf3 gxf3+ 37. Ke3 Bf4+ 38. Ke4 Rxe7+ 39. Nxe7 Re8 40. Kxf4 Kg7 41. Rg1+ Kf6 42. Nd5+ Ke6 43. Rg6+ Kd7 44. Qb5+ Kc8 45. Rc6+ 1-0


[Site "https://www.chess.com"]

[Event "Titled Tuesday Blitz May 23 Early 2023"]
[White "agvania123"]
[Black "Novikova, Galina"]
[BlackFideId "4157095"]
[WhiteElo "2242"]
[BlackElo "1953"]
[Result "0-1"]
[Round "10"]
[TimeControl "180+2"]
[Date "2023.05.23"]
[WhiteClock "0:00:13"]
[BlackClock "0:01:16"]

1. Nf3 e6 2. e3 f5 3. c4 Nf6 4. Nc3 Be7 5. b3 O-O 6. Bb2 d6 7. Be2 e5 8. O-O Nc6 9. d4 e4 10. Nd2 Qe8 11. d5 Ne5 12. Nb5 Bd8 13. Nd4 g5 14. f4 gxf4 15. exf4 Neg4 16. Bxg4 Nxg4 17. Qe2 Bf6 18. h3 Nh6 19. g4 fxg4 20. Nxe4 Bg7 21. Kh1 Qh5 22. Ng5 Qh4 23. Nde6 Bxe6 24. Qxe6+ Nf7 25. Bxg7 Kxg7 26. Qxg4 Qxg4 27. hxg4 Nxg5 28. fxg5 Rae8 29. Rae1 Rxf1+ 30. Rxf1 Re2 31. Rf6 Rxa2 32. Re6 Kf7 33. Rh6 Kg7 34. Re6 Rb2 35. Re7+ Kg6 36. Rxc7 Rxb3 37. c5 dxc5 38. d6 Rd3 39. d7 c4 40. Rxb7 a5 41. Ra7 c3 42. Rxa5 Rxd7 43. Rc5 Rd3 44. Kg2 Kf7 45. Rc6 Ke7 46. Kf2 Kd7 47. Rh6 c2 48. Rxh7+ Kd6 49. Rh6+ Kd5 50. Rh8 c1=Q 51. Rd8+ Ke4 52. Rxd3 Kxd3 53. Kf3 Qe3+ 54. Kg2 Qxg5 55. Kh3 Ke3 56. Kg3 Ke4 57. Kh3 Kf4 58. Kh2 Qxg4 59. Kh1 Kf3 0-1


[Site "https://www.chess.com"]

[Event "Titled Tuesday Blitz May 23 Early 2023"]
[White "Kohler, Aran"]
[Black "Floresvillar Gonzalez, Luis Migu"]
[WhiteFideId "1002856"]
[BlackFideId "5100542"]
[WhiteElo "2380"]
[BlackElo "2040"]
[Result "1-0"]
[Round "10"]
[TimeControl "180+2"]
[Date "2023.05.23"]
[WhiteClock "0:00:47"]
[BlackClock "0:00:00"]

1. e4 c6 2. d4 d5 3. e5 Bf5 4. Nc3 c5 5. Bb5+ Nc6 6. Nf3 e6 7. O-O a6 8. Bd3 Bxd3 9. Qxd3 Nge7 10. Bg5 h6 11. Bxe7 Bxe7 12. dxc5 Bxc5 13. Rad1 Qc7 14. Rfe1 O-O 15. a3 b5 16. Qe2 Rac8 17. Rd3 Rfd8 18. h4 Be7 19. Qd1 Rd7 20. h5 Rcd8 21. Qe2 Na5 22. Nd4 Nc4 23. Nd1 Bg5 24. c3 Rc8 25. g3 Qd8 26. f4 Be7 27. Nf2 Bc5 28. g4 Qh4 29. Rh3 Qe7 30. g5 hxg5 31. h6 Bxd4 32. cxd4 gxf4 33. hxg7 Qg5+ 34. Kh1 Kxg7 35. Rg1 1-0


[Site "https://www.chess.com"]

[Event "Titled Tuesday Blitz May 23 Early 2023"]
[White "KSho99"]
[Black "Vargas, Gabriela"]
[BlackFideId "3700860"]
[WhiteElo "2172"]
[BlackElo "2057"]
[Result "0-1"]
[Round "10"]
[TimeControl "180+2"]
[Date "2023.05.23"]
[WhiteClock "0:00:00"]
[BlackClock "0:00:33"]

1. Nf3 d5 2. e3 c6 3. b3 Bg4 4. h3 Bf5 5. Bb2 Nd7 6. c4 e6 7. Nc3 Ngf6 8. d3 Bg6 9. Be2 Bd6 10. Nh4 O-O 11. Nxg6 hxg6 12. O-O Qe7 13. d4 dxc4 14. Bxc4 e5 15. d5 e4 16. dxc6 bxc6 17. Ne2 Ne5 18. Ba6 Rfd8 19. Qc2 Nd3 20. Rad1 Nxb2 21. Qxb2 Be5 22. Qc2 c5 23. Bc4 Rxd1 24. Rxd1 Rd8 25. Nc3 Bxc3 26. Rxd8+ Qxd8 27. Qxc3 Qd1+ 28. Bf1 Qd6 29. Qa5 Qe7 30. Bc4 Kh7 31. Qa6 Ne8 32. Qc8 Nd6 33. Qxc5 Qf6 34. Qd5 Qa1+ 35. Kh2 Qf6 36. Qd4 Qe7 37. Be2 f5 38. a4 g5 39. b4 g6 40. b5 f4 41. Qd5 Nf5 0-1


[Site "https://www.chess.com"]

[Event "Titled Tuesday Blitz May 23 Early 2023"]
[White "Martinez, Shawn"]
[Black "Acikel, Mert"]
[WhiteFideId "2039770"]
[BlackFideId "12956465"]
[WhiteElo "2174"]
[BlackElo "2097"]
[Result "0-1"]
[Round "10"]
[TimeControl "180+2"]
[Date "2023.05.23"]
[WhiteClock "0:00:04"]
[BlackClock "0:00:05"]

1. e4 e5 2. Nf3 Nc6 3. d4 exd4 4. Nxd4 Bc5 5. Nb3 Bb6 6. Qe2 a5 7. Nc3 a4 8. Nd2 d6 9. Nc4 Bc5 10. Be3 Bxe3 11. Qxe3 Nf6 12. O-O-O Qe7 13. f3 Be6 14. g4 O-O 15. g5 Nd7 16. f4 Nc5 17. Rg1 Kh8 18. f5 Bd7 19. Qf4 f6 20. g6 h6 21. Ne3 Qe5 22. Qh4 a3 23. Ned5 axb2+ 24. Kb1 Na4 25. Rd3 Nxc3+ 26. Rxc3 Bxf5 27. exf5 Qxd5 28. Bc4 Qxf5 29. Rh3 d5 30. Bd3 Qe5 31. Qxh6+ gxh6 32. g7+ Kg8 33. Rxh6 Kf7 34. Rh7 Rg8 35. Bg6+ Ke7 36. Bd3 Nd8 37. Rh8 Ne6 38. Rh4 Rxg7 39. Rxg7+ Nxg7 40. Rh7 Kf7 41. h4 Qe1+ 42. Kxb2 Qb4+ 43. Kc1 Rf8 44. h5 Re8 45. h6 Re1# 0-1


[Site "https://www.chess.com"]

[Event "Titled Tuesday Blitz May 23 Early 2023"]
[White "Vargas Rodriguez, Wilver"]
[Black "Fernandez Garcia, Gumersindo"]
[WhiteFideId "3509672"]
[BlackFideId "24516740"]
[WhiteElo "2246"]
[BlackElo "2093"]
[Result "0-1"]
[Round "10"]
[TimeControl "180+2"]
[Date "2023.05.23"]
[WhiteClock "0:00:03"]
[BlackClock "0:00:49"]

1. Nf3 d5 2. b3 Bf5 3. Bb2 e6 4. c4 c6 5. d3 h6 6. Nbd2 Nf6 7. g3 Be7 8. Bg2 O-O 9. O-O Nbd7 10. Re1 a5 11. a3 Re8 12. Qc2 b5 13. Nd4 Qc8 14. cxb5 cxb5 15. Qxc8 Rexc8 16. e4 dxe4 17. dxe4 Bg6 18. Nxb5 Rc2 19. Bxf6 Bxf6 20. e5 Rb8 21. exf6 Rxd2 22. Rad1 Rxd1 23. Rxd1 Nxf6 24. Bf1 Bc2 25. Rd6 Bxb3 26. Ra6 a4 27. Nc3 Nd5 28. Nxa4 Rc8 29. Nb2 Rc1 30. Ra8+ Kh7 31. Kg2 g6 32. a4 Rc2 33. Ra7 Rxb2 34. Rxf7+ Kg8 35. Rf3 Bxa4 36. Bc4 Kg7 37. Rd3 Bc6 38. Bxd5 Bxd5+ 39. Kh3 Rxf2 40. Ra3 Bg2+ 41. Kh4 g5+ 42. Kh5 Bf3+ 43. g4 Rxh2# 0-1


[Site "https://www.chess.com"]

[Event "Titled Tuesday Blitz May 23 Early 2023"]
[White "Semenova, Alina"]
[Black "Hinds, Nathan"]
[WhiteFideId "24113875"]
[BlackFideId "7400730"]
[WhiteElo "1833"]
[BlackElo "2001"]
[Result "0-1"]
[Round "10"]
[TimeControl "180+2"]
[Date "2023.05.23"]
[WhiteClock "0:00:00"]
[BlackClock "0:01:33"]

1. e4 c6 2. d4 d5 3. Nc3 dxe4 4. Nxe4 Nd7 5. Nf3 Ngf6 6. Bd3 Nxe4 7. Bxe4 Nf6 8. Bd3 Bg4 9. c3 e6 10. h3 Bh5 11. O-O Bd6 12. Be2 O-O 13. Bg5 Be7 14. Ne5 Bxe2 15. Qxe2 Qc7 16. Rfe1 Rfd8 17. Rad1 Rac8 18. f4 c5 19. Bh4 cxd4 20. cxd4 Qc2 21. Rd2 Qa4 22. b3 Qb4 23. Bf2 Qa3 24. g4 Bb4 25. Rc2 Bxe1 26. Bxe1 Qd6 27. Rxc8 Rxc8 28. g5 Nd7 29. Nc4 Qxd4+ 30. Bf2 Qxf4 31. Qd3 Qxg5+ 0-1


[Site "https://www.chess.com"]

[Event "Titled Tuesday Blitz May 23 Early 2023"]
[White "Kriti Mayur Patel"]
[Black "Sadubayev, Airat"]
[WhiteFideId "35061780"]
[BlackFideId "13713264"]
[WhiteElo "1306"]
[BlackElo "2157"]
[Result "1-0"]
[Round "10"]
[TimeControl "180+2"]
[Date "2023.05.23"]
[WhiteClock "0:02:02"]
[BlackClock "0:00:05"]

1. e4 c6 2. d4 d5 3. exd5 cxd5 4. Bd3 Nc6 5. c3 Nf6 6. Bf4 Bg4 7. f3 Bh5 8. Ne2 Qd7 9. O-O e6 10. Na3 a6 11. Nc2 Bd6 12. Bg3 O-O 13. Ne3 Bg6 14. f4 Nh5 15. f5 Nxg3 16. Nxg3 exf5 17. Ngxf5 Bc7 18. Qg4 Qd8 19. h4 h5 20. Qf3 Re8 21. Nxd5 Bd6 22. Nxd6 Qxd6 23. Bxg6 Qxg6 24. Nf4 Qh6 25. Nxh5 Rf8 26. Rae1 Nd8 27. Qg4 Ne6 28. Rf6 g6 29. Rexe6 fxe6 30. Rxg6+ Kf7 31. Qxe6# 1-0


[Site "https://www.chess.com"]